 Dungeon Crawl Stone Soup version 0.16-a0-2979-g562a0a4 (webtiles) character file.

51 Ratboiler the Chopper (level 3, -5/21 HPs)
             Began as an Octopode Wanderer on Dec 5, 2014.
             Slain by Sigmund
             ... wielding a +0 scythe
              (9 damage)
             ... on level 2 of the Dungeon.
             The game lasted 00:04:41 (2620 turns).

Ratboiler the Chopper (Octopode Wanderer)           Turns: 2620, Time: 00:04:42

Health: -5/21      AC:  3    Str: 13    XL:     3   Next: 83%
Magic:  4/4        EV: 11    Int: 15    God:
Gold:   27         SH:  0    Dex: 11    Spells: 0 memorised, 4 levels left

rFire  . . .     SeeInvis .     b - +2 hunting sling (flame)
rCold  . . .     Clarity  .     (no shield)
rNeg   . . .     SustAb   .     (helmet restricted)
rPois  .         Gourm    .     (no amulet)
rElec  .         Spirit   .     (no ring)
rCorr  .         Warding  .     (no ring)
rMut   .         Stasis   .     (no ring)
MR     .....                    (no ring)
Stlth  ++........               (no ring)
                                (no ring)
                                (no ring)
                                (no ring)

@: confused, very slightly contaminated, not resistant to hostile enchantments,
unstealthy
A: almost no armour, amphibious, 8 rings, constrict 8, yellow scales 1,
camouflage 1, clever 1, gelatinous body 1
a: no special abilities


You were on level 2 of the Dungeon.
You were not hungry.

You visited 1 branch of the dungeon, and saw 2 of its levels.

You collected 27 gold pieces.

Inventory:

Hand weapons
 a - a +2 hand axe
 b - a +2 hunting sling of flaming (weapon)
 c - a +2 dagger
Missiles
 d - 14 stones (quivered)
 e - 6 tomahawks
 l - 17 poisoned needles
Scrolls
 g - a scroll of enchant weapon
 m - a scroll of fear
 n - a scroll of random uselessness {unknown}
Potions
 k - a potion of restore abilities
 p - a potion of curing {unknown}
Comestibles
 f - a bread ration
 h - a royal jelly
 j - a slice of pizza
 o - a meat ration
 q - 3 chunks of flesh


   Skills:
 + Level 4.6 Axes
 - Level 2.6 Stealth
 - Level 1.0 Spellcasting
   Level 4.0 Necromancy


You had 4 spell levels left.
You didn't know any spells.

Dungeon Overview and Level Annotations

Branches:
Dungeon (2/15)

Altars:

Annotations:
D:2 Sigmund


Innate Abilities, Weirdness & Mutations

You cannot wear most types of armour.
You are amphibious.
You can wear up to eight rings at the same time.
You can use your tentacles to constrict many enemies at once.
Your skin changes colour to match your surroundings (Stealth).
Your rubbery body absorbs attacks (AC +1).
You are partially covered in yellow scales (AC +2).
Your mind is acute. (Int +2)


Message History

A puff of flame appears from out of thin air!
The puff of flame hits you! Something hits you.
Firing (i - inventory. (,) - cycle):
d - 18 stones (quivered)
Press: ? - help, Shift-Dir - straight line, f/p - worm
Aim: a worm (severely wounded, bewildered and confused)
You shoot a stone.
Firing (i - inventory. (,) - cycle):
d - 17 stones (quivered)
Press: ? - help, Shift-Dir - straight line, f/p - worm
Aim: a worm (severely wounded, bewildered and confused)
You shoot a stone. Something hits you but does no damage.
Firing (i - inventory. (,) - cycle):
d - 16 stones (quivered)
Press: ? - help, Shift-Dir - straight line, f/p - worm
Aim: a worm (severely wounded, bewildered and confused)
You shoot a stone. Something hits you.
* * * LOW HITPOINT WARNING * * *
Firing (i - inventory. (,) - cycle):
d - 15 stones (quivered)
Press: ? - help, Shift-Dir - straight line, f/p - worm
Aim: a worm (severely wounded, bewildered and confused)
You shoot a stone. The worm bites itself.
Something hits you!
You die...

♣♣♣♣♣..#.# ### #. ##.
.........## P...##.
##.. ...........#
P....#. #..#
(..(.((.(..#
.......##.##
..(#####(..##
...........## ##w..##
.........#### #..{.##
........†# #
#.....###........÷# ##
##..#@.(#.........###.
#..###(##............
######.#.....###....#
#.......#### ##.....
#.###♣..♣ #......
♣P..♣ ♣# #......
♣..♣♣♣P♣ #......
♣P.♣P.P♣♣#......
♣.P÷...♣♣......>


You could see a worm (confused).

Vanquished Creatures
  A worm (D:2)
  3 giant cockroaches (D:1)
  5 hobgoblins
  3 jackals (D:2)
  7 kobolds
  A quokka (D:2)
  6 bats
  A giant newt (D:2)
  11 goblins
  2 rats
40 creatures vanquished.

Notes
Turn   | Place    | Note
--------------------------------------------------------------
     0 | D:1      | Ratboiler, the Octopode Wanderer, began the quest for the Orb.
     0 | D:1      | Ratboiler set off with: a +2 dagger, a scroll of fear, a +0 hand axe, a bread ration
     0 | D:1      | Reached XP level 1. HP: 11/11 MP: 2/2
   310 | D:1      | Reached XP level 2. HP: 6/17 MP: 3/3
   650 | D:1      | Gained mutation: Your mind is acute. (Int +2) [potion of beneficial mutation]
  1360 | D:1      | Reached XP level 3. HP: 21/21 MP: 4/4
  1804 | D:2      | Noticed Sigmund
  2263 | D:2      | Gained mutation: You are partially covered in yellow scales (AC +2). [potion of beneficial mutation]
  2620 | D:2      | Slain by Sigmund

Action                   || total
-------------------------++-------
Melee: Hand axe          ||    73
 Fire: Hunting sling     ||    20
  Use: Scroll            ||     9
       Potion            ||     3
 Stab: Sleeping          ||     8
  Eat: Chunk             ||     5
